 Dungeon Crawl Stone Soup version 0.23.2-1-ga50397a (webtiles) character file.

Game seed: 15027951669682095456

21047 diana the Basher (level 12, -9/76 HPs)
             Began as a Gargoyle Fighter on May 28, 2019.
             Was a High Priest of Okawaru.
             Mangled by a tyrant leech (21 damage)
             ... on level 2 of the Lair of Beasts.
             The game lasted 00:31:59 (14482 turns).

diana the Basher (Gargoyle Fighter)                Turns: 14482, Time: 00:32:00

Health: -9/76      AC: 25    Str: 24    XL:     12   Next: 85%
Magic:  14/15      EV: 19    Int: 10    God:    Okawaru [*****.]
Gold:   776        SH: 26    Dex: 20    Spells: 11/11 levels left

rFire    + . .     SeeInvis .   P - +5 whip
rCold    . . .     Gourm    .   c - +4 large shield "Ybusoune" {rF+}
rNeg     + . .     Faith    .   w - +5 ring mail of Olept {rElec rCorr}
rPois    ∞         Spirit   .   (no helmet)
rElec    +         Reflect  .   a - scarf {repulsion}
rCorr    +         Harm     .   v - +0 pair of gloves (curse)
MR       .....                  A - +0 pair of boots
Stlth    +++.......             (no amulet)
HPRegen  0.22/turn              H - +5 ring of dexterity
MPRegen  0.14/turn              p - +6 ring of dexterity

@: heroism, slowed, repel missiles, very slow
A: negative energy resistance 1, electricity resistance, unbreathing,
petrification resistance, rot immunity, AC +8
a: Heroism, Finesse, Renounce Religion


You were on level 2 of the Lair of Beasts.
You worshipped Okawaru.
Okawaru was extremely pleased with you.
You were not hungry.

You visited 3 branches of the dungeon, and saw 16 of its levels.

You collected 776 gold pieces.

Inventory:

Hand Weapons
 P - a +5 whip (weapon)
Armour
 a - a scarf of repulsion (worn)
 c - the +4 large shield "Ybusoune" (worn) {rF+}
   (You found it on level 1 of the Lair of Beasts)

   It protects you from fire.
 v - a cursed +0 pair of gloves (worn)
 w - the +5 ring mail of Olept (worn) {rElec rCorr}
   (Okawaru gifted it to you on level 12 of the Dungeon)

   It insulates you from electricity.
   It provides partial protection from all sources of acid and corrosion.
 A - a +0 pair of boots (worn)
Jewellery
 e - an uncursed ring of see invisible
 p - a +6 ring of dexterity (right hand)
 H - a +5 ring of dexterity (left hand)
Wands
 b - a wand of disintegration (12)
 q - a wand of flame (16)
 t - a wand of polymorph (4)
 N - a wand of acid (14)
 R - a wand of clouds (6)
Scrolls
 g - a scroll of enchant weapon
 h - a scroll of noise {unknown}
 i - 2 scrolls of fear {unknown}
 j - a scroll of identify
 k - 6 scrolls of teleportation
 m - 4 scrolls of fog
 o - a scroll of torment {unknown}
 x - 2 scrolls of amnesia
 y - 7 scrolls of remove curse
 B - 2 scrolls of magic mapping
 D - 3 scrolls of immolation
 M - a scroll of acquirement {unknown}
 O - a scroll of holy word {unknown}
Potions
 d - 3 potions of might
 l - a potion of haste
 n - 4 potions of mutation
 r - 7 potions of curing
 s - a potion of ambrosia {unknown}
 u - 3 potions of flight
 z - a potion of cancellation {unknown}
 F - 3 potions of berserk rage
 G - a potion of lignification {unknown}
 K - a potion of degeneration {unknown}
 L - a potion of heal wounds {unknown}
Comestibles
 f - 21 rations


   Skills:
 + Level 9.4(14.4) Fighting
 * Level 11.5(16.5) Maces & Flails
 + Level 9.4(14.4) Armour
 + Level 6.6(11.6) Dodging
 * Level 11.2(16.2) Shields
 + Level 5.2 Invocations


You had 11 spell levels left.
You didn't know any spells.
Your spell library contained the following spells:

 Spells                   Type           Power        Failure   Level  Hunger
 Animate Skeleton         Necr           N/A          85%         1    ##.....
 Confusing Touch          Hex            #.....       85%         1    ##.....
 Corona                   Hex            #......      85%         1    ##.....
 Freeze                   Ice            #...         85%         1    ##.....
 Pain                     Necr           #...         85%         1    ##.....
 Poisonous Vapours        Pois/Air       #.....       94%         2    ###....
 Slow                     Hex            #.......     94%         2    ###....
 Throw Frost              Conj/Ice       #.....       94%         2    ###....
 Confuse                  Hex            #.......     99%         3    ####...
 Conjure Flame            Conj/Fire      #.......     99%         3    ####...
 Gell's Gravitas          Tloc           #.........   99%         3    ####...
 Inner Flame              Hex/Fire       #.......     99%         3    ####...
 Mephitic Cloud           Conj/Pois/Air  #.......     99%         3    ####...
 Ozocubu's Armour         Chrm/Ice       #.......     99%         3    ####...
 Portal Projectile        Hex/Tloc       #.....       99%         3    ####...
 Regeneration             Chrm/Necr      #.........   99%         3    ####...
 Vampiric Draining        Necr           #.........   99%         3    ####...
 Animate Dead             Necr           N/A          100%        4    #####..
 Cause Fear               Hex            #.........   100%        4    #####..
 Leda's Liquefaction      Hex/Erth       #.........   100%        4    #####..
 Petrify                  Tmut/Erth      #.......     100%        4    #####..
 Summon Ice Beast         Ice/Summ       #.......     100%        4    #####..
 Throw Icicle             Conj/Ice       #.......     100%        4    #####..
 Bolt of Magma            Conj/Fire/Erth #.........   100%        5    ######.
 Metabolic Englaciation   Hex/Ice        #.........   100%        5    ######.
 Yara's Violent Unravell  Hex/Tmut       #.........   100%        5    ######.
 Freezing Cloud           Conj/Ice/Air   #.........   100%        6    #######
 Iron Shot                Conj/Erth      #.........   100%        6    #######
 Ring of Flames           Chrm/Fire      #.........   100%        7    #######
 Shatter                  Erth           #.........   100%        9    #######
 Statue Form              Tmut/Erth      Unusable     N/A         6    N/A

Dungeon Overview and Level Annotations

Branches:
Dungeon (13/15)            Temple (1/1) D:5            Lair (2/6) D:11
    Orc (0/2) D:12
  Swamp: Lair:2-4    Shoals: Lair:2-4     Snake: Lair:2-4    Spider: Lair:2-4
 Vaults: D:13-14

Altars:
Ashenzari
Cheibriados
Dithmenos
Elyvilon
Gozag
Kikubaaqudgha
Makhleb
Nemelex Xobeh
Okawaru
Ru
Sif Muna
Trog
Vehumet
Wu Jian
Xom
The Shining One

Annotations:
D:12 3 runed translucent doors, Borgoz's ghost, journeyman GrGl
Lair:1 3 runed translucent doors, Borgoz's ghost, journeyman HaBe


Innate Abilities, Weirdness & Mutations

You are resistant to torment.
Your stone body is resilient. (AC +8)
You are immune to poison.
You resist negative energy. (rN+)
You are resistant to electric shocks. (rElec)
You can survive without breathing.
You are immune to petrification.
You are immune to rotting.


Message History

You are too injured to fight recklessly!
You are too injured to fight recklessly!
You are too injured to fight recklessly!
You are too injured to fight recklessly!
You are too injured to fight recklessly!
You are too injured to fight recklessly!
You are too injured to fight recklessly!
You are too injured to fight recklessly!
Unknown command.
The swamp worm throws harpoon shot at you.
You block the harpoon shot.
The swamp worm bites the plant!
The plant is destroyed!
You block the swamp worm's attack. The tyrant leech bites you!!
* * * LOW HITPOINT WARNING * * *
The swamp worm throws harpoon shot at you.
The harpoon shot hits you.
* * * LOW HITPOINT WARNING * * *
You are yanked forward by the harpoon shot.
You block the swamp worm's attack. The tyrant leech bites you!!
You die...

#.. ..#..... ≈≈.#
##.#....## ≈≈≈≈#
#........#..
#≈≈≈##......#....
≈#P≈≈.............
≈≈≈≈≈..w.#.......#
#≈≈≈.www.......#
##≈≈≈www......# ##
≈≈≈≈..ww@.....# #.##
≈≈###..w##....##.....
# #............##.###
##.......†.P.#..#.
#..###..†.#####..#
#..> #...#.## #..#
.... ###....###.#
..#.. #P........#
...### ...P....#...##


You could see 3 tyrant leeches, a torpor snail and 6 swamp worms.

Vanquished Creatures
  A two-headed ogre (D:11)
  An unseen horror (D:12)
  Pikel (D:7)
  2 ugly things (D:11)
  A kobold demonologist (D:10)
  5 komodo dragons
  A troll (D:11)
  A tyrant leech (Lair:2)
  A queen bee (shapeshifter) (D:13)
  4 blink frogs (Lair:1)
  4 slime creatures (D:12)
  3 hippogriffs
  A wraith (D:10)
  31 yaks
  Grum (Lair:1)
  2 steam dragons
  2 hungry ghosts (D:10)
  4 vampire mosquitoes
  An acid dragon (D:12)
  4 water moccasins
  A soldier ant (D:10)
  4 porcupines (Lair:1)
  8 orc warriors
  3 ice beasts
  4 black bears
  An eye of draining (D:12)
  A hornet zombie (D:10)
  4 sky beasts
  3 phantoms
  7 ogres
  A necrophage (D:8)
  4 wolves (Lair:1)
  4 crocodiles
  2 centaurs
  11 bullfrogs
  10 big kobolds
  2 wyvern zombies
  8 scorpions
  12 wights
  A howler monkey (D:11)
  4 crimson imps
  2 bullfrog zombies (D:11)
  A jelly (D:6)
  3 orc priests
  7 hounds
  A gnoll shaman (D:4)
  8 orc wizards
  3 iguanas
  2 bullfrog skeletons
  Natasha (thrice) (D:4)
  8 worker ants
  A killer bee zombie (D:7)
  2 hound skeletons (D:10)
  2 worker ant zombies
  8 gnolls
  12 adders
  6 shadow imps
  An ooze (D:2)
  3 adder skeletons (D:4)
  3 worms
  3 dart slugs
  4 leopard geckos
  39 orcs
  4 giant cockroaches
  11 goblins
  6 hobgoblins
  6 jackals
  2 quokkas
  3 ball pythons
  5 bats
  4 frilled lizards
  33 kobolds
  9 kobold skeletons (D:10)
  9 kobold zombies (D:10)
  2 rats (D:1)
382 creatures vanquished.

Vanquished Creatures (others)
  2 fungi (Lair:1)
  4 plants (Lair:2)
6 creatures vanquished.

Grand Total: 388 creatures vanquished

Notes
Turn   | Place    | Note
-------+----------+-------------------------------------------
     0 | D:1      | diana the Gargoyle Fighter began the quest for the Orb.
     0 | D:1      | Reached XP level 1. HP: 14/14 MP: 1/1
   135 | D:1      | Reached XP level 2. HP: 15/19 MP: 2/2
   889 | D:2      | Reached XP level 3. HP: 23/23 MP: 3/3
  1132 | D:2      | Reached XP level 4. HP: 29/29 MP: 4/4
  1306 | D:3      | Found a snail-covered altar of Cheibriados.
  1321 | D:3      | Reached skill level 1 in Dodging
  1424 | D:3      | Reached XP level 5. HP: 24/33 MP: 5/5
  2101 | D:4      | Reached XP level 6. HP: 14/38 MP: 6/6
  2266 | D:4      | Noticed Natasha
  2276 | D:4      | Killed Natasha
  2768 | D:4      | Noticed Natasha
  2775 | D:4      | Killed Natasha
  2788 | D:4      | Noticed Natasha
  2795 | D:4      | Killed Natasha
  2795 | D:4      | Reached XP level 7. HP: 42/44 MP: 7/7
  3352 | D:5      | Entered Level 5 of the Dungeon
  3370 | D:5      | Found a staircase to the Ecumenical Temple.
  3399 | Temple   | Entered the Ecumenical Temple
  3444 | Temple   | Became a worshipper of Warmaster Okawaru
  3606 | D:5      | Reached skill level 5 in Maces & Flails
  3841 | D:5      | Reached skill level 5 in Shields
  4196 | D:6      | Reached skill level 5 in Fighting
  4290 | D:6      | Reached skill level 5 in Armour
  4290 | D:6      | Reached XP level 8. HP: 43/49 MP: 8/8
  4354 | D:6      | Reached * piety under Okawaru
  4400 | D:6      | Found a burning altar of Makhleb.
  4698 | D:6      | Found a sparkling altar of Nemelex Xobeh.
  4701 | D:6      | Found a glowing golden altar of the Shining One.
  4702 | D:6      | Found a shattered altar of Ashenzari.
  5827 | D:7      | Reached ** piety under Okawaru
  5827 | D:7      | Reached XP level 9. HP: 55/55 MP: 9/9
  6081 | D:7      | Noticed Pikel
  6090 | D:7      | Killed Pikel
  6112 | D:7      | Found a shadowy altar of Dithmenos.
  6315 | D:7      | Found a shimmering altar of Xom.
  6316 | D:7      | Found an opulent altar of Gozag.
  6613 | D:8      | Reached *** piety under Okawaru
  6725 | D:8      | Reached XP level 10. HP: 63/63 MP: 10/10
  7051 | D:9      | Found a bloodstained altar of Trog.
  7503 | D:9      | Found a sparkling altar of Nemelex Xobeh.
  7596 | D:9      | Reached **** piety under Okawaru
  7674 | D:9      | Found an ornate altar of the Wu Jian Council.
  7714 | D:10     | Entered Level 10 of the Dungeon
  7757 | D:10     | Found a radiant altar of Vehumet.
  7913 | D:10     | Reached skill level 5 in Dodging
  8273 | D:10     | Reached ***** piety under Okawaru
  8279 | D:10     | Noticed a kobold demonologist
  8375 | D:10     | Killed a kobold demonologist
  8375 | D:10     | Reached skill level 1 in Invocations
  8438 | D:10     | Found an ancient bone altar of Kikubaaqudgha.
  8500 | D:10     | Reached XP level 11. HP: 62/68 MP: 10/12
  8992 | D:11     | Noticed a two-headed ogre
  9006 | D:11     | Killed a two-headed ogre
  9040 | D:11     | Found a staircase to the Lair.
  9096 | D:11     | Reached skill level 10 in Maces & Flails
  9154 | D:11     | You fall through a shaft for 2 floors!
  9154 | D:13     | Noticed a centaur warrior
  9154 | D:13     | Noticed a brown ugly thing
  9155 | D:13     | Noticed a two-headed ogre
  9159 | D:13     | Noticed a two-headed ogre
  9253 | D:12     | Noticed an unseen horror
  9272 | D:12     | Killed an unseen horror
  9469 | D:12     | Received a gift from Okawaru
  9472 | D:12     | Got a dazzling ring mail {god gift}
  9483 | D:12     | Identified the +5 ring mail of Olept {rElec rCorr} (Okawaru
                  | gifted it to you on level 12 of the Dungeon)
 10418 | D:11     | Noticed a green ugly thing
 10429 | D:11     | Killed a green ugly thing
 10503 | D:12     | Noticed a cyan ugly thing
 10523 | D:11     | Killed a cyan ugly thing
 10523 | D:11     | Reached skill level 10 in Shields
 10668 | D:11     | Reached XP level 12. HP: 51/75 MP: 8/14
 11605 | D:12     | Found a staircase to the Orcish Mines.
 11706 | D:12     | Found a runed translucent gate.
 11706 | D:12     | Found a runed translucent gate.
 11706 | D:12     | Found a runed translucent gate.
 11707 | D:12     | Noticed a naga warrior
 11707 | D:12     | Noticed a tengu warrior
 11755 | D:12     | Noticed Borgoz's ghost (journeyman GrGl)
 11755 | D:12     | Noticed a centaur warrior
 11755 | D:12     | Noticed a tengu warrior
 11757 | D:12     | Found an iron altar of Okawaru.
 12728 | D:13     | Noticed a centaur warrior
 12788 | Lair:1   | Entered Level 1 of the Lair of Beasts
 12906 | Lair:1   | Noticed Borgoz's ghost (journeyman HaBe)
 13044 | Lair:1   | Received a gift from Okawaru
 13233 | Lair:1   | Found a runed translucent gate.
 13233 | Lair:1   | Found a runed translucent gate.
 13233 | Lair:1   | Found a runed translucent gate.
 13358 | Lair:1   | Got a spiked large shield
 13369 | Lair:1   | Identified the +4 large shield "Ybusoune" {rF+} (You found
                  | it on level 1 of the Lair of Beasts)
 13609 | Lair:1   | Reached skill level 5 in Invocations
 13718 | Lair:1   | Noticed Grum
 13770 | Lair:1   | Killed Grum
 14482 | Lair:2   | Mangled by a tyrant leech

Skill      XL: |  1  2  3  4  5  6  7  8  9 10 11 12 |
---------------+-------------------------------------+-----
Maces & Flails | 3 4 5 6 8 9 10 11 | 11.5
Dodging        | 1 2 3 4 5 6 |  6.6
Shields        | 4 5 6 8 10 11 | 11.2
Fighting       | 4 5 7 8 9 |  9.4
Armour         | 4 5 6 7 8 9 |  9.4
Invocations    | 1 3 5 |  5.2

Action                   |  1- 3 |  4- 6 |  7- 9 | 10-12 || total
-------------------------+-------+-------+-------+-------++-------
Melee: Whip              |   115 |   194 |    12 |  1333 ||  1654
       Flail             |       |       |   408 |   267 ||   675
Invok: Heroism           |       |       |     4 |     9 ||    13
       Finesse           |       |       |       |     3 ||     3
  Use: Scroll            |       |     5 |       |    14 ||    19
       Potion            |       |       |     2 |       ||     2
 Stab: Distracted        |       |       |       |     1 ||     1
  Eat: Chunk             |       |     6 |    10 |    30 ||    46
       Ration            |       |       |     1 |       ||     1
Armor: Scale mail        |    57 |    87 |   180 |   174 ||   498
       Plate armour      |       |       |       |   113 ||   113
       Ring mail         |       |       |       |   138 ||   138
Dodge: Dodged            |    32 |    56 |   127 |   386 ||   601
       Deflected         |     1 |       |     4 |    13 ||    18
Block: Shield            |    58 |   100 |   203 |       ||   361
       Large shield      |       |       |       |  1254 ||  1254
